AoeStats
← Johannes Kepler

Arabia

503522593Analyzed
1v1 RM · 1mo ago on Sep 1, 2026· 33m 46s· 2 players
Game mode
Random Map
Map size
Tiny (2 player)
Population
200
Speed
Normal
Resources
Standard
Victory
Conquest
Starting age
Dark Age
Ending age
Imperial Age
RankedLock teamsTeams togetherTeam positionsShared explorationLock speedFull tech treeHidden civsTurbo modeCheats
Victory
Defeat
🇧🇷 Romans · Brazil
933
+18
🇲🇽 Persians · Mexico
985
-18
Edunavi
9:52 Feudal Age
10:13 Loom
20:02 Castle Age
18:27 Fletching
Johannes Kepler
12:42 Feudal Age
11:00 Loom
12:47 Man-at-Arms
14:13 Scale Mail Armor
17:38 Forging
20:58 Double-Bit Axe
25:59 Castle Age
24:40 Scale Barding Armor
24:29 Fletching
27:01 Long Swordsman
Connection lost

Rejoining the realm…

Still unreachable

The connection could not be restored.

Session expired

The server has moved on; the page needs a fresh start.